 Dungeon Crawl Stone Soup version 0.29.1-14-g9c671dbff4 (webtiles) character file.

Game seed: 7916784523809127188

970 raph the Stinger (level 7, 0/50 HPs)
             Began as a White Draconian Venom Mage on Feb 13, 2023.
             Slain by a centaur (1 damage)
             ... on level 5 of the Dungeon.
             The game lasted 00:08:11 (4237 turns).

raph the Stinger (White Draconian Venom Mage)       Turns: 4237, Time: 00:08:11

Health: 0/50       AC:  6    Str: 17    XL:     7   Next: 94%
Magic:  20/22      EV: 12    Int: 19    God:
Gold:   41         SH:  0    Dex: 12    Spells: 4/14 levels left

rFire   + . .      SeeInvis .   a - +1 glaive
rCold   + + +      Faith    .   (shield currently unavailable)
rNeg    . . .      Spirit   .   (body armour unavailable)
rPois   .          Reflect  .   (helmet restricted)
rElec   +          Harm     .   k - scarf {rC+ rF+}
rCorr   .          Rampage  .   (no gloves)
Will    .....                   (no boots)
Stlth   ++........              b - amulet of the acrobat
HPRegen 0.16/turn               e - ring of protection from cold
MPRegen 0.18/turn               d - ring of Atrets {rElec Will- MP+9 Str+7 Int+2}

@: no status effects
A: breathe frost, AC +6, unfitting armour, cold resistance 1, cold-blooded
a: Breathe Frost


You were on level 5 of the Dungeon.
You visited 1 branch of the dungeon, and saw 5 of its levels.

You collected 185 gold pieces.
You spent 144 gold pieces at shops.

Inventory:

Hand Weapons
 a - a +1 glaive (weapon)
 f - a +0 short sword
Missiles
 j - 2 atropa-tipped darts
Armour
 k - a scarf of resistance (worn)
Jewellery
 b - an amulet of the acrobat (around neck)
 d - the ring of Atrets (right hand) {rElec Will- MP+9 Str+7 Int+2}
   (You acquired it on level 2 of the Dungeon)

   [ring of magical power]

   Str:       It affects your strength (+7).
   Int:       It affects your intelligence (+2).
   rElec:     It insulates you from electricity.
   MP:        It affects your magic capacity (+9).
   Will:      It decreases your willpower.
 e - a ring of protection from cold (left hand)
Wands
 r - a wand of quicksilver (12)
Scrolls
 i - 3 scrolls of teleportation
 l - 2 scrolls of magic mapping
Potions
 c - 2 potions of curing
 g - 2 potions of brilliance
 h - a potion of mutation
 n - 2 potions of magic
 o - a potion of degeneration {unknown}
 s - a potion of might
 t - 2 potions of attraction {unknown}


   Skills:
 - Level 1.7 Dodging
 - Level 1.7 Stealth
 + Level 4.3 Spellcasting
 + Level 4.0 Conjurations
 - Level 1.0 Transmutations
 * Level 7.5 Poison Magic


You had 4 spell levels left.
You knew the following spells:

 Your Spells              Type           Power      Damage    Failure   Level
a - Sting                 Tmut/Pois      80%        1d7       2%          1
b - Poisonous Vapours     Pois/Air       36%        N/A       4%          2
c - Mephitic Cloud        Conj/Pois/Air  18%        N/A       9%          3
d - Olgreb's Toxic Radia  Pois           32%        N/A       6%          4

Your spell library contained the following spells:

 Spells                   Type           Power      Damage    Failure   Level
 Magic Dart               Conj           76%        1d6       2%          1
 Summon Small Mammal      Summ           16%        N/A       14%         1
 Passwall                 Tmut/Erth      5%         N/A       16%         2
 Call Imp                 Summ           4%         N/A       21%         2
 Ensorcelled Hibernation  Hex/Ice        8%         N/A       21%         2
 Call Canine Familiar     Summ           4%         N/A       38%         3
 Summon Guardian Golem    Hex/Summ       4%         N/A       38%         3
 Swiftness                Air            4%         N/A       38%         3


Dungeon Overview and Level Annotations

Branches:
Dungeon (5/15)
 Temple: D:4-7

Altars:

Shops:
D:1 [   D:2 *   D:4 !

Portals:
Ossuary: D:5

Annotations:
D:3 Grinder
D:4 passwall


Innate Abilities, Weirdness & Mutations

You can breathe waves of freezing cold which knock back foes.
Your icy white scales are hard. (AC +6)
You cannot fit into any form of body armour.
Your flesh is cold resistant. (rC+)
You are cold-blooded and may be slowed by cold attacks.


Message History

The scorpion closely misses you.
The centaur shoots an arrow.
The arrow hits you.
* * * LOW HITPOINT WARNING * * *
The scorpion stings you.
* * * LOW HITPOINT WARNING * * *
You are lethally poisoned!
The scorpion poisons you!
You feel better.
The centaur shoots an arrow.
The arrow barely misses you. The scorpion stings you.
* * * LOW HITPOINT WARNING * * *
The scorpion misses you.
You barely miss the scorpion.
The scorpion is almost dead.
You kill the scorpion!
The centaur shoots an arrow.
The arrow hits you!
* * * LOW HITPOINT WARNING * * *
An orc wizard comes into view. It is wielding a +0 dagger.
The centaur shoots an arrow.
The arrow misses you.
The centaur shoots an arrow.
The arrow barely misses you.
The orc wizard moves out of view.
Your Conjurations skill increases to level 4!
The centaur unwields a +0 shortbow.
The centaur barely misses you. The centaur misses you.
An orc comes into view. It is wielding a +0 dagger.
Things that are here:
11 gold pieces; a scorpion corpse You barely miss the centaur.
The centaur is heavily wounded.
The centaur hits you.
* * * LOW HITPOINT WARNING * * *
The centaur kicks you but does no damage.
The centaur misses you. The centaur completely misses you.
The centaur hits you.
* * * LOW HITPOINT WARNING * * *
The centaur closely misses you.
Okay, then.
You barely miss the centaur.
The centaur is heavily wounded.
The centaur hits you but does no damage.
The centaur kicks you.
You die...

###. .#.##..
.....##.##.## ## #
#......<....# .##≈
#...........## ...
#............##.#
##..............#
#.##...........###.#
# #........∩......#
#.......).@.....#
###..##...c.....#
...............#
###.o###.......#.#
#o. #.......# . #
#.......# ####.#.##
....


You could see a centaur (poisoned), an orc wizard and an orc.

Vanquished Creatures
  Pikel (D:4)
  3 lemures (D:4)
  A phantom (D:4)
  2 scorpions
  A necrophage (D:4)
  A howler monkey (D:4)
  Natasha (twice) (D:3)
  4 gnolls (D:4)
  2 adders
  3 dart slugs
  7 orcs
  6 ball pythons
  2 endoplasms
  3 giant cockroaches
  7 goblins
  8 hobgoblins
  4 kobolds
  A quokka (D:3)
  5 bats
  3 frilled lizards
  3 rats
69 creatures vanquished.

Notes
Turn   | Place    | Note
-------+----------+-------------------------------------------
     0 | D:1      | raph the Draconian Venom Mage began the quest for the Orb.
     0 | D:1      | Reached XP level 1. HP: 14/14 MP: 3/3
   210 | D:1      | Found Unaxkari's Antique Armour Shoppe.
   348 | D:1      | Found a faded altar of an unknown god.
   835 | D:2      | Reached XP level 2. HP: 20/20 MP: 1/5
   987 | D:2      | Learned a level 2 spell: Poisonous Vapours
  1122 | D:2      | Found Ceonofu's General Store.
  1131 | D:2      | Bought a potion of heal wounds for 65 gold pieces
  1131 | D:2      | Bought a potion of curing for 39 gold pieces
  1217 | D:2      | Reached skill level 4 in Poison Magic
  1489 | D:2      | Reached XP level 3. HP: 24/26 MP: 3/6
  1493 | D:2      | Learned a level 3 spell: Mephitic Cloud
  1645 | D:2      | Identified a scroll of acquirement
  1645 | D:2      | Acquired the ring of Atrets {rElec Will- MP+9 Str+7 Int+2}
  2429 | D:3      | Noticed Natasha
  2436 | D:3      | Killed Natasha
  2437 | D:3      | Reached XP level 4. HP: 33/33 MP: 6/7
  2493 | D:3      | Reached skill level 1 in Conjurations
  2674 | D:3      | Noticed Natasha
  2681 | D:3      | Killed Natasha
  2775 | D:3      | Reached skill level 5 in Poison Magic
  3028 | D:3      | Noticed Grinder
  3160 | D:4      | Reached XP level 5. HP: 35/38 MP: 8/8
  3426 | D:4      | Found Ophiap's Distillery.
  3435 | D:4      | Bought a potion of might for 40 gold pieces
  3682 | D:4      | Reached XP level 6. HP: 43/45 MP: 10/10
  3696 | D:4      | Learned a level 4 spell: Olgreb's Toxic Radiance
  3889 | D:4      | Noticed Pikel
  3921 | D:4      | Killed Pikel
  3922 | D:4      | Reached skill level 7 in Poison Magic
  3922 | D:4      | Your scales start taking on an icy white colour.
  3922 | D:4      | Reached XP level 7. HP: 9/50 MP: 13/13
  3922 | D:4      | Gained mutation: Your flesh is cold resistant. (rC+) [White
                  | Draconian growth]
  4223 | D:5      | Entered Level 5 of the Dungeon
  4223 | D:5      | Found a sand-covered staircase.
  4236 | D:5      | HP: 1/50 [centaur (6)]
  4237 | D:5      | Slain by a centaur

Illustrated notes

Levels and vault maps discovered:
D:1:      eino_arrival_cavern_a, layout_basic, serial_shops, shop,
          ebering_ecumenical_altar_rust
D:2:      minmay_alternating_diamond, layout_loops_ring, serial_shops,
          nicolae_shop_statue_plus
D:3:      layout_basic, guppyfry_early_orc_mine, uniq_natasha, uniq_grinder
D:4:      layout_gridville, serial_shops, nicolae_shop_behind_doors,
          due_unseen_surprise, uniq_pikel
D:5:      layout_loops_ring, kennysheep_mini_moat, enter_ossuary_1

Skill      XL: |  1  2  3  4  5  6  7 |
---------------+----------------------+-----
Poison Magic   | 4 5 7 |  7.5
Conjurations   | 1 2 3 4 |  4.0
Spellcasting   | 3 4 |  4.3
Dodging        | |  1.7
Stealth        | |  1.7
Transmutations | |  1.0

Action                   |  1- 3 |  4- 6 |  7- 9 || total
-------------------------+-------+-------+-------++-------
Melee: Short sword       |    38 |     6 |       ||    44
       Tailslap          |     4 |     2 |       ||     6
       Punch             |     1 |       |       ||     1
       Glaive            |       |    38 |    11 ||    49
 Cast: Sting             |    52 |    25 |       ||    77
       Poisonous Vapours |     7 |    24 |       ||    31
       Mephitic Cloud    |       |     2 |       ||     2
       Olgreb's Toxic Ra |       |     2 |     1 ||     3
 Abil: Breathe Frost     |       |       |     1 ||     1
  Use: Scroll            |     7 |     6 |       ||    13
       Potion            |       |       |     2 ||     2
 Stab: Sleeping          |     1 |     1 |       ||     2
Armor: Skin              |    11 |    15 |     4 ||    30
Dodge: Dodged            |    47 |    51 |    15 ||   113
